 Dungeon Crawl Stone Soup version 0.23-a0-650-ga4d50d4 (webtiles) character file.

32564 Lanoc the Fencer (level 13, -1/118 HPs)
             Began as a Pale Draconian Chaos Knight on Jan 6, 2019.
             Was a Plaything of Xom.
             Slain by a spark wasp (16 damage)
             ... on level 1 of the Orcish Mines.
             The game lasted 00:50:58 (15735 turns).

Lanoc the Fencer (Pale Draconian Chaos Knight)     Turns: 15735, Time: 00:50:58

Health: -1/118     AC: 17    Str: 24    XL:     13   Next: 32%
Magic:  19/19      EV: 22    Int: 13    God:    Xom [..*...]
Gold:   1180       SH:  0    Dex: 13    Spells: 10/12 levels left

rFire    . . .     SeeInvis +   f - +4 long sword (protect)
rCold    . . .     Gourm    .   (no shield)
rNeg     . . .     Faith    .   (armour unavailable)
rPois    .         Spirit   .   t - +1 hat
rElec    .         Reflect  .   A - scarf {cloud immunity}
rCorr    .         Harm     .   (no gloves)
MR       +++..     Clarity  +   N - +0 pair of boots
Stlth    +.........             (no amulet)
HPRegen  0.29/turn              z - +4 ring of evasion
MPRegen  0.16/turn              O - ring of protection from magic

@: mighty, short of breath, protection aura
A: breathe steam, unfitting armour, big wings, claws 1, hooves 1, stinger 1, see
invisible, agile 1, blink, clarity, magic resistance 2, sense surroundings 1,
screaming 1, cold-blooded, MP-powered wands, AC +8
a: Breathe Steam, Fly, Blink, Renounce Religion


You were on level 1 of the Orcish Mines.
You worshipped Xom.
You were a toy of Xom.
You were hungry.

You visited 3 branches of the dungeon, and saw 18 of its levels.

You collected 1378 gold pieces.
You spent 198 gold pieces at shops.

Inventory:

Hand Weapons
 a - a +0 falchion of chaos
 e - a +1 long sword of holy wrath
 f - a +4 long sword of protection (weapon)
 n - a cursed +3 scimitar
 w - a +0 hand axe of flaming
Armour
 t - a +1 hat (worn)
 A - a scarf of cloud immunity (worn)
 N - a +0 pair of boots (worn)
Jewellery
 i - an uncursed ring of protection from fire
 r - an uncursed ring of resist corrosion
 z - a +4 ring of evasion (left claw)
 O - a ring of protection from magic (right claw)
Wands
 m - a wand of polymorph (14)
 y - a wand of flame (22)
 C - a wand of enslavement (5)
 D - a wand of paralysis (17)
 E - a wand of digging (7)
 G - a wand of iceblast (21)
 I - a wand of random effects (22)
Scrolls
 c - 10 scrolls of remove curse
 h - 10 scrolls of teleportation
 k - 2 scrolls of enchant weapon
 q - 4 scrolls of amnesia
 s - a scroll of enchant armour
 u - 3 scrolls of magic mapping
 x - 4 scrolls of blinking
 B - 2 scrolls of summoning
 L - a scroll of fear
Potions
 d - 3 potions of curing
 g - 7 potions of haste
 l - a potion of cancellation
 o - a potion of ambrosia {unknown}
 p - 3 potions of brilliance
 F - a potion of agility
 H - a potion of invisibility
 M - 2 potions of mutation
 P - a potion of resistance
Comestibles
 b - 30 rations
 v - 11 chunks of flesh


   Skills:
 + Level 12.2 Fighting
 * Level 15.0 Long Blades
 + Level 10.3 Dodging
 + Level 8.3 Evocations


You had 10 spell levels left.
You knew the following spells:

 Your Spells              Type           Power        Failure   Level  Hunger
a - Summon Butterflies    Summ           #.......     30%         1    ##.....
b - Apportation           Tloc           #.....       30%         1    ##.....

Your spell library contained the following spells:

 Spells                   Type           Power        Failure   Level  Hunger
 Animate Skeleton         Necr           N/A          30%         1    ##.....
 Confusing Touch          Hex            #.....       30%         1    ##.....
 Summon Small Mammal      Summ           #...         30%         1    ##.....
 Call Canine Familiar     Summ           #.......     67%         3    ####...
 Ice Form                 Ice/Tmut       #.......     97%         4    #####..
 Summon Ice Beast         Ice/Summ       #.......     97%         4    #####..
 Summon Lightning Spire   Summ/Air       #.......     97%         4    #####..
 Metabolic Englaciation   Hex/Ice        #.........   100%        5    ######.
 Silence                  Hex/Air        #.........   100%        5    ######.
 Summon Mana Viper        Hex/Summ       #.......     100%        5    ######.
 Bolt of Cold             Conj/Ice       #.........   100%        6    #######
 Conjure Ball Lightning   Conj/Air       #.........   100%        6    #######
 Deflect Missiles         Chrm/Air       #.........   100%        6    #######
 Freezing Cloud           Conj/Ice/Air   #.........   100%        6    #######
 Ozocubu's Refrigeration  Ice            #.........   100%        6    #######
 Simulacrum               Ice/Necr       #.........   100%        6    #######
 Summon Hydra             Summ           #.........   100%        7    #######
 Tornado                  Air            #.........   100%        9    #######


Dungeon Overview and Level Annotations

Branches:
Dungeon (15/15)            Temple (1/1) D:4            Lair (0/6) D:9
    Orc (2/2) D:9          Vaults (0/5) D:14
    Elf: Orc:2       Depths: D:15

Altars:
Ashenzari
Cheibriados
Dithmenos
Elyvilon
Fedhas
Gozag
Hepliaklqana
Kikubaaqudgha
Makhleb
Nemelex Xobeh
Okawaru
Qazlal
Ru
Sif Muna
Trog
Uskayaw
Vehumet
Wu Jian
Xom
Yredelemnul
Zin
The Shining One
Beogh

Shops:
D:5 *%   D:6 ?   D:7 %*   D:8 %   D:9 =   Orc:2 (?

Portals:
Trove: D:12 (show abyssal rune of Zot)

Annotations:
D:4 2 transporters
D:7 3 runed doors, Moebius's ghost, novice DrCj
D:12 trove abyssal rune
D:14 hydra on 15
Orc:2 Saint Roka


Innate Abilities, Weirdness & Mutations

You can breathe blasts of scalding, opaque steam.
Your pale cyan-grey scales are hard. (AC +8)
You cannot fit into any form of body armour.
You are cold-blooded and may be slowed by cold attacks.
Your large and strong wings let you fly indefinitely.
You have sharp fingernails.
You have large cloven feet.
Your tail ends in a poisonous barb.
You have supernaturally acute eyesight. (SInv)
You are agile. (Dex +2)
You can translocate small distances at will.
You possess an exceptional clarity of mind.
You are highly resistant to hostile enchantments. (MR++)
You passively map a small area around you.
You occasionally shout uncontrollably at your foes.
You expend magic power (3 MP) to strengthen your wands.


Message History

The ettin is heavily wounded. "Hum-dee-hum-dee-hum..."
The ettin evaporates and reforms as a spark wasp!
The spark wasp stings you!! The spark wasp shocks you!
* * * LOW HITPOINT WARNING * * *
You feel very mighty all of a sudden.
The spark wasp is engulfed in a cloud of scalding steam.
The spark wasp misses you.
You riposte.
You slice the spark wasp!!
The spark wasp is moderately wounded.
You miss the spark wasp.
Your tail-slap misses the spark wasp.
The spark wasp is moderately wounded.
The spark wasp stings you!
* * * LOW HITPOINT WARNING * * *
The spark wasp shocks you!
* * * LOW HITPOINT WARNING * * *
You feel better. The spark wasp misses you. The spark wasp stings you.
* * * LOW HITPOINT WARNING * * *
The spark wasp shocks you!
You die...
Xom titters!

...#(.......## ###..
........##.#.##
##....
....#.........#
#.....
.............###
##....
.........#...#.##
#....
...)>...........###
##...
.....[...O..§.§#..##
##.#
.#....).C.§.)......#
###
#..........§§.Ty@.##
#
##......[.........#
# ####.........##.##
####.#..######
######


You could see a spark wasp, a troll and an ogre.

Vanquished Creatures
  2 ettins
  Josephine (Orc:1)
  Erolcha (Orc:1)
  A vault guard (D:12)
  3 centaur warriors
  9 two-headed ogres
  A shadow wraith (D:14)
  3 unseen horrors (D:14)
  An orb spider (shapeshifter) (D:6)
  A deep elf mage (D:13)
  A manticore (D:15)
  Maurice (D:10)
  A centaur zombie (D:15)
  3 centaur skeletons
  A kobold demonologist (D:12)
  3 hogs (D:7)
  A meliai (D:13)
  4 trolls
  A hornet (D:13)
  5 slime creatures (D:12)
  A hippogriff (D:11)
  A wyvern (D:11)
  2 wraiths (Orc:1)
  A yak (shapeshifter) (D:14)
  A human (D:7)
  3 yaks (D:14)
  2 basilisks
  7 vampire mosquitoes
  2 hungry ghosts
  3 wargs (Orc:1)
  A soldier ant (D:12)
  2 water moccasins
  2 porcupines (D:9)
  13 orc warriors
  5 black bears
  3 sky beasts
  A phantom (D:11)
  2 ice beasts
  4 necrophages
  7 ogres
  17 centaurs
  3 wolves (D:9)
  3 crocodiles (D:9)
  2 big kobolds
  8 bullfrogs
  A gnoll sergeant (D:9)
  A wyvern zombie (D:13)
  2 scorpions
  12 killer bees
  An electric eel (D:9)
  12 wights
  11 howler monkeys
  10 crimson imps
  A bullfrog zombie (D:6)
  7 hounds
  A quasit (D:5)
  8 orc priests
  A gnoll shaman (D:5)
  3 jellies
  20 orc wizards
  2 bullfrog skeletons
  5 iguanas
  5 worker ants
  A killer bee zombie (D:10)
  3 hound zombies
  14 gnolls
  10 adders
  5 shadow imps
  2 oozes
  2 adder zombies
  2 adder skeletons (D:4)
  2 worms (D:2)
  4 dart slugs
  3 leopard geckos
  52 orcs
  4 ball pythons
  3 giant cockroaches
  12 goblins
  4 hobgoblins
  27 jackals
  7 quokkas
  4 bats
  4 frilled lizards
  17 kobolds
  9 rats
434 creatures vanquished.

Vanquished Creatures (collateral kills)
  A two-headed ogre (D:11)
  Joseph (D:9)
  A troll (D:9)
  2 wraiths (Orc:1)
  A warg (Orc:2)
  An ogre (D:9)
  An electric eel (D:9)
  An orc priest (D:9)
  An iguana (D:9)
  2 orcs (D:9)
12 creatures vanquished.

Vanquished Creatures (others)
  A hog (D:7)
  A vampire mosquito (D:13)
  A hungry ghost (D:12)
  A gnoll (D:3)
  A bush (D:9)
  A fungus (D:9)
  15 plants
21 creatures vanquished.

Grand Total: 467 creatures vanquished

Notes
Turn   | Place    | Note
-------+----------+-------------------------------------------
     0 | D:1      | Lanoc the Draconian Chaos Knight began the quest for the
                  | Orb.
     0 | D:1      | Reached XP level 1. HP: 19/19 MP: 1/1
    36 | D:1      | XOM: divination: magic mapping
    42 | D:1      | XOM: harmless Conj miscast
   112 | D:1      | XOM: smoke on damage
   120 | D:1      | Reached XP level 2. HP: 11/26 MP: 2/2
   120 | D:1      | XOM: smoke on damage
   295 | D:1      | XOM: divination: detect items
   483 | D:1      | XOM: enchant monster (bad)
   540 | D:1      | XOM: god gift: scroll labeled YNUGA QUMMURIU {god gift}
   688 | D:1      | Reached XP level 3. HP: 33/33 MP: 3/3
   889 | D:2      | Found an opulent altar of Gozag.
  1058 | D:2      | Reached skill level 4 in Long Blades
  1274 | D:2      | Reached XP level 4. HP: 37/40 MP: 4/4
  1311 | D:2      | Found a white marble altar of Elyvilon.
  1692 | D:2      | Found a glowing golden altar of the Shining One.
  1696 | D:2      | Found a glowing silver altar of Zin.
  1717 | D:2      | XOM: scenery: create altars
  2013 | D:3      | XOM: smoke on damage
  2016 | D:3      | Reached XP level 5. HP: 41/46 MP: 5/5
  2055 | D:3      | XOM: scenery: 1 doors close
  2073 | D:3      | Found an ornate altar of the Wu Jian Council.
  2112 | D:3      | XOM: god gift: scale mail {god gift}
  2151 | D:3      | XOM: harmless Air miscast
  2197 | D:3      | Found a burning altar of Makhleb.
  2267 | D:3      | XOM: harmless Summ miscast
  2300 | D:3      | Reached skill level 5 in Long Blades
  2420 | D:3      | XOM: mild Pois miscast
  2478 | D:3      | XOM: medium Ice miscast
  2769 | D:3      | XOM: mild Ice miscast
  2895 | D:4      | Found a transporter.
  2899 | D:4      | Noticed a kobold demonologist
  3129 | D:4      | Reached XP level 6. HP: 51/53 MP: 6/6
  3285 | D:4      | Found a staircase to the Ecumenical Temple.
  3301 | Temple   | Entered the Ecumenical Temple
  3488 | D:4      | Found a transporter.
  3875 | D:5      | Entered Level 5 of the Dungeon
  3926 | D:5      | Reached skill level 5 in Fighting
  3927 | D:5      | XOM: summons 2 hostile demons
  4087 | D:5      | Reached skill level 6 in Long Blades
  4087 | D:5      | Your scales start taking on a pale cyan-grey colour.
  4087 | D:5      | Reached XP level 7. HP: 31/61 MP: 7/7
  4105 | D:5      | XOM: noise
  4107 | D:5      | XOM: confusion
  4108 | D:5      | Noticed a basilisk
  4108 | D:5      | a sky beast changed into a basilisk
  4108 | D:5      | XOM: polymorph sky beast -> basilisk
  4110 | D:5      | XOM: fog
  4298 | D:5      | XOM: medium Necr miscast
  4727 | D:5      | Found Okladghott's Assorted Antiques.
  4748 | D:5      | Killed a basilisk
  4840 | D:5      | Bought a scroll labeled KIYSUJ YNER for 24 gold pieces
  4840 | D:5      | Bought a scroll labeled ROLETZO ZOSE for 24 gold pieces
  4893 | D:5      | Found Cozic's Food Shoppe.
  5002 | D:5      | Reached skill level 7 in Long Blades
  5043 | D:5      | Identified the cursed +1 quarterstaff "Giantslayer" {flame,
                  | *Corrode rPois Dex+5 Stlth+}
  5112 | D:5      | Found a hide-covered altar of Uskayaw.
  5232 | D:5      | XOM: cloud trail
  5386 | D:6      | XOM: confuse monster(s)
  5387 | D:6      | Reached XP level 8. HP: 50/70 MP: 8/8
  5463 | D:6      | Reached skill level 5 in Dodging
  5684 | D:6      | Noticed a hornet
  5699 | D:6      | Got a translucent dagger
  5700 | D:6      | Identified the +2 dagger of Virtue {drain, MR+} (You found
                  | it on level 6 of the Dungeon)
  5711 | D:6      | Noticed an orb spider
  5711 | D:6      | a hornet changed into an orb spider
  5714 | D:6      | Killed an orb spider
  5714 | D:6      | Reached skill level 8 in Long Blades
  5912 | D:6      | Reached XP level 9. HP: 65/79 MP: 9/9
  6146 | D:6      | Found Owniv's Magic Scroll Shoppe.
  6154 | D:6      | Bought a scroll of magic mapping for 42 gold pieces
  6154 | D:6      | Bought a scroll of blinking for 90 gold pieces
  6182 | D:6      | XOM: give mutations
  6182 | D:6      | Gained mutation: You have supernaturally acute eyesight.
                  | (SInv) [Xom's grace]
  6182 | D:6      | Gained mutation: You are resistant to hostile enchantments.
                  | (MR+) [Xom's grace]
  6182 | D:6      | Gained mutation: Your tail ends in a poisonous barb. [Xom's
                  | grace]
  6182 | D:6      | Gained mutation: You passively map a small area around you.
                  | [Xom's grace]
  6382 | D:7      | Reached skill level 9 in Long Blades
  6535 | D:7      | Found Taginot's Assorted Antiques.
  6541 | D:7      | Bought a scroll labeled KYSIDU DO MIL for 18 gold pieces
  6542 | D:7      | Found a runed gate.
  6542 | D:7      | Found a runed gate.
  6542 | D:7      | Found a runed gate.
  6551 | D:7      | Identified the +6 scimitar of the Solstice {freeze, Str+4}
  6552 | D:7      | Noticed Moebius's ghost (novice DrCj)
  6554 | D:7      | Found the +3 hat of Pondering {ponderous, MR+ MP+10 Int+5}
  6560 | D:7      | Found a roughly hewn altar of Beogh.
  6620 | D:7      | XOM: give mutation
  6620 | D:7      | Gained mutation: Your flesh is cold resistant. (rC+) [Xom's
                  | grace]
  6749 | D:7      | Found Taufulil's Food Boutique.
  6769 | D:7      | XOM: give mutations
  6769 | D:7      | Gained mutation: Your mind is acute. (Int +2) [Xom's grace]
  6769 | D:7      | Gained mutation: Your mind is very acute. (Int +4) [Xom's
                  | grace]
  6918 | D:7      | XOM: god gift: scroll labeled LEDASEGH RACU {god gift}
  6994 | D:7      | XOM: enchant monster (good)
  7027 | D:7      | Reached skill level 10 in Long Blades
  7341 | D:8      | XOM: mild Tmut miscast
  7550 | D:8      | Found a shimmering altar of Xom.
  7550 | D:8      | Found a shimmering altar of Xom.
  7550 | D:8      | XOM: mild Summ miscast
  7551 | D:8      | Found a shimmering altar of Xom.
  7552 | D:8      | Found a shimmering altar of Xom.
  7569 | D:8      | Found a shimmering altar of Xom.
  7644 | D:8      | XOM: 4-stop teleportation journey
  7668 | D:8      | Found Ogy Cia's Food Boutique.
  7740 | D:8      | XOM: severe Chrm miscast
  7773 | D:8      | Reached XP level 10. HP: 90/90 MP: 10/10
  7775 | D:8      | XOM: confuse monster(s)
  7780 | D:8      | Gained mutation: Your flesh is very cold resistant. (rC++)
                  | [mutagenic glow]
  7914 | D:8      | Gained mutation: You occasionally shout uncontrollably at
                  | your foes. [mutagenic glow]
  8146 | D:9      | XOM: confuse monster(s)
  8148 | D:9      | XOM: mild Erth miscast
  8150 | D:9      | XOM: enchant monster (bad)
  8180 | D:9      | Reached skill level 11 in Long Blades
  8222 | D:9      | XOM: cast spell 'Statue Form'
  8261 | D:9      | XOM: confuse monster(s)
  8315 | D:9      | Found Hagifel's Jewellery Boutique.
  8325 | D:9      | XOM: enchant monster (good)
  8338 | D:9      | XOM: summons 2 friendly demons
  8477 | D:9      | XOM: god gift: wand of digging (7)
  8587 | D:9      | Noticed Joseph
  8605 | D:9      | Killed Joseph
  8605 | D:9      | Reached skill level 1 in Evocations
  8840 | D:9      | XOM: scenery: create altars
  8847 | D:9      | Found a shadowy altar of Dithmenos.
  8853 | D:9      | XOM: give mutations
  8853 | D:9      | Gained mutation: You have large cloven feet. [Xom's grace]
  8853 | D:9      | Gained mutation: You have sharp fingernails. [Xom's grace]
  8853 | D:9      | Gained mutation: You possess an exceptional clarity of
                  | mind. [Xom's grace]
  8853 | D:9      | Gained mutation: You are highly resistant to hostile
                  | enchantments. (MR++) [Xom's grace]
  8914 | D:9      | Found a staircase to the Lair.
  9041 | D:9      | XOM: give mutation
  9041 | D:9      | Gained mutation: You are agile. (Dex +2) [Xom's grace]
  9079 | D:9      | Found a staircase to the Orcish Mines.
  9280 | D:9      | XOM: mild Erth miscast
  9450 | D:10     | Entered Level 10 of the Dungeon
  9472 | D:10     | Reached skill level 12 in Long Blades
  9499 | D:10     | Noticed Maurice
  9500 | D:10     | XOM: divination: detect items
  9504 | D:10     | Killed Maurice
  9504 | D:10     | Reached XP level 11. HP: 96/99 MP: 11/13
  9530 | D:10     | Learned a level 1 spell: Summon Butterflies
  9668 | D:10     | Learned a level 1 spell: Apportation
  9804 | D:10     | XOM: noise
  9948 | D:10     | Noticed a two-headed ogre
  9952 | D:10     | XOM: harmless Erth miscast
  9954 | D:10     | Killed a two-headed ogre
  9954 | D:10     | Reached skill level 10 in Fighting
 10175 | D:11     | Noticed a centaur warrior
 10184 | D:11     | Killed a centaur warrior
 10339 | D:11     | XOM: summons 3 friendly demons
 10449 | D:11     | Noticed a two-headed ogre
 10601 | D:11     | XOM: confuse monster(s)
 10613 | D:11     | Killed a two-headed ogre
 10742 | D:12     | XOM: fog
 10757 | D:12     | XOM: 4-stop teleportation journey
 10853 | D:12     | Noticed a two-headed ogre
 10857 | D:12     | XOM: confuse monster(s)
 10879 | D:12     | Killed a two-headed ogre
 10879 | D:12     | Reached skill level 13 in Long Blades
 10913 | D:12     | Reached skill level 5 in Evocations
 10950 | D:12     | Noticed a two-headed ogre
 10962 | D:12     | Killed a two-headed ogre
 11000 | D:12     | XOM: 1-stop teleportation journey
 11295 | D:12     | XOM: 1-stop teleportation journey
 11363 | D:12     | XOM: cloud trail
 11421 | D:12     | XOM: fake destruction
 11495 | D:12     | Reached XP level 12. HP: 33/108 MP: 16/16
 11914 | D:12     | Noticed a vault guard
 11915 | D:12     | XOM: fog
 11931 | D:12     | Killed a vault guard
 11941 | D:12     | Found a portal to a secret trove of treasure.
 12328 | D:13     | Noticed a two-headed ogre
 12335 | D:13     | Killed a two-headed ogre
 12490 | D:13     | XOM: destruction
 12562 | D:13     | Noticed a two-headed ogre
 12572 | D:13     | Killed a two-headed ogre
 12575 | D:13     | XOM: divine lightning
 12824 | D:13     | XOM: summons friendly crimson imp
 12944 | D:13     | Noticed a centaur warrior
 12957 | D:13     | Killed a centaur warrior
 13182 | D:13     | Reached skill level 14 in Long Blades
 13369 | D:13     | XOM: give mutations
 13369 | D:13     | Gained mutation: You expend magic power (3 MP) to
                  | strengthen your wands. [Xom's grace]
 13369 | D:13     | Gained mutation: You can translocate small distances at
                  | will. [Xom's grace]
 13369 | D:13     | Gained mutation: You are somewhat resistant to further
                  | mutation. [Xom's grace]
 13369 | D:13     | Gained mutation: Your large and strong wings let you fly
                  | indefinitely. [Xom's grace]
 13401 | D:14     | Noticed a two-headed ogre
 13403 | D:14     | XOM: mild Air miscast
 13409 | D:14     | Killed a two-headed ogre
 13537 | D:14     | XOM: swap monsters
 13666 | D:14     | XOM: 9-stop teleportation journey
 13696 | D:14     | Found a gate to the Vaults.
 13767 | D:14     | XOM: fog
 13779 | D:14     | Noticed a two-headed ogre
 13786 | D:14     | Killed a two-headed ogre
 13816 | D:14     | Found a snail-covered altar of Cheibriados.
 13945 | D:14     | XOM: 2-stop teleportation journey
 13981 | D:14     | XOM: noise
 14011 | D:14     | XOM: harmless Ice miscast
 14041 | D:13     | XOM: summons 1 hostile demon
 14066 | D:13     | XOM: mild Ice miscast
 14353 | D:14     | Reached skill level 10 in Dodging
 14380 | D:14     | XOM: mild Ice miscast
 14456 | D:15     | Entered Level 15 of the Dungeon
 14456 | D:15     | Noticed a centaur warrior
 14462 | D:15     | XOM: stat loss: -1 Int (16/17)
 14469 | D:15     | Killed a centaur warrior
 14469 | D:15     | Reached XP level 13. HP: 67/117 MP: 18/18
 14795 | D:15     | XOM: scenery: create altars
 14935 | Orc:1    | Entered Level 1 of the Orcish Mines
 14939 | Orc:1    | Noticed Erolcha
 14944 | Orc:1    | XOM: summons 2 hostile demons
 14948 | Orc:1    | Killed Erolcha
 15016 | D:9      | XOM: give mutations
 15016 | D:9      | Lost mutation: Your flesh is very cold resistant. (rC++)
                  | [Xom's mischief]
 15016 | D:9      | Lost mutation: Your mind is very acute. (Int +4) [Xom's
                  | mischief]
 15016 | D:9      | Lost mutation: Your mind is acute. (Int +2) [Xom's
                  | mischief]
 15146 | Orc:2    | Entered Level 2 of the Orcish Mines
 15146 | Orc:2    | Noticed an ettin
 15155 | Orc:2    | XOM is BORED!
 15155 | Orc:2    | XOM: mild Necr miscast
 15162 | Orc:2    | XOM: enchant monster (bad)
 15171 | Orc:2    | Killed an ettin
 15182 | Orc:2    | Found a roughly hewn altar of Beogh.
 15448 | Orc:1    | XOM: give mutations
 15448 | Orc:1    | Lost mutation: You are somewhat resistant to further
                  | mutation. [Xom's mischief]
 15448 | Orc:1    | Lost mutation: Your flesh is cold resistant. (rC+) [Xom's
                  | mischief]
 15502 | Orc:1    | XOM: 1-stop teleportation journey
 15503 | Orc:1    | Noticed Josephine
 15503 | Orc:1    | Noticed an ettin
 15510 | Orc:1    | Killed Josephine
 15521 | Orc:1    | Killed an ettin
 15521 | Orc:1    | Reached skill level 15 in Long Blades
 15687 | Orc:1    | XOM: medium Pois miscast
 15696 | Orc:2    | Found Simmaes's Antique Weapon Shoppe.
 15696 | Orc:2    | Found Moxtur's Magic Scroll Shop.
 15696 | Orc:2    | Noticed an ettin
 15704 | Orc:2    | Noticed Saint Roka
 15724 | Orc:1    | XOM: mild Conj miscast
 15732 | Orc:1    | Noticed a spark wasp
 15732 | Orc:1    | an ettin changed into a spark wasp
 15732 | Orc:1    | XOM: polymorph ettin -> spark wasp
 15735 | Orc:1    | Slain by a spark wasp

Vault maps used:
D:1:      eino_arrival_cavern_a
D:2:      nicolae_overflow_hidden_temple, minitemple, grunt_gozag_statues
D:3:      marbit_many_paths, makhleb_grotto_becter, first_ration,
          lemuel_flame_loot_1
D:4:      gammafunk_wand_slinger, minmay_temple_entry_grid
D:5:      eat_drink_and_be_merry_uskayaw, serial_shops,
          nicolae_shop_overgrown_old_shop, nicolae_shop_crystal,
          kennysheep_generic_room_15
D:6:      serial_shops, shop
D:7:      serial_shops, shop_fountains, shop, biasface_ghost_orc_armoury,
          grunt_livestock
D:8:      xom_redecorated, serial_shops, nicolae_shop_waterfront
D:9:      old_standard_altar, minmay_lair_entry_grove, erik_orc_2, serial_shops,
          nicolae_shop_stone, serial_bayou_ford_a, st_stairs_13, uniq_joseph
D:10:     uniq_maurice
D:11:     nicolae_zen_rock_garden, minmay_variable_closet
D:12:     enter_trove_5, serial_bayou_pond_d
D:13:     eino_jars
D:14:     david_vaults_4, cheibriados_altar_1
D:15:     grunt_enter_depths_magical_seal, serial_bayou_pond_c, uniq_louise,
          uniq_nessos
Temple:   dshaligram_water_room_temple
Orc:1:    uniq_erolcha, uniq_josephine
Orc:2:    st_orc_open, serial_shops, nicolae_shop_waterfront, basic_altar,
          uniq_saint_roka

Skill      XL: |  1  2  3  4  5  6  7  8  9 10 11 12 13 |
---------------+----------------------------------------+-----
Long Blades    | 4 5 6 7 8 10 12 13 14 15 | 15.0
Fighting       | 4 5 6 7 8 9 10 11 12 | 12.2
Dodging        | 3 4 5 6 8 9 10 | 10.3
Evocations     | 2 5 7 8 |  8.3

Action                   |  1- 3 |  4- 6 |  7- 9 | 10-12 | 13-15 || total
-------------------------+-------+-------+-------+-------+-------++-------
Melee: Falchion          |   107 |   160 |   104 |       |       ||   371
       Tailslap          |    14 |    19 |    42 |   150 |    26 ||   251
       Long sword        |       |       |   184 |   744 |    95 ||  1023
       Kick              |       |       |       |    56 |       ||    56
 Abil: Breathe Steam     |       |       |     7 |    27 |    10 ||    44
Evoke: Wand              |       |       |       |     5 |     5 ||    10
  Use: Scroll            |       |       |    15 |     9 |     2 ||    26
       Potion            |       |       |     4 |     4 |     2 ||    10
 Stab: Sleeping          |       |     2 |       |       |     1 ||     3
       Confused          |       |     1 |       |     4 |       ||     5
       Paralysed         |       |     1 |     2 |       |     6 ||     9
       Distracted        |       |       |     1 |       |       ||     1
       Petrified         |       |       |       |    11 |       ||    11
       Petrifying        |       |       |       |     1 |       ||     1
  Eat: Chunk             |     1 |     9 |    10 |    28 |     5 ||    53
       Ration            |       |       |     1 |       |       ||     1
Armor: Skin              |    51 |    72 |    80 |   208 |    21 ||   432
Dodge: Dodged            |    89 |   126 |   197 |   763 |   103 ||  1278
       Rpst.: Falchion   |    29 |    35 |    22 |       |       ||    86
       Long sword        |       |       |    36 |   192 |    32 ||   260

Table legend:
 A = Non-vault XP
 B = Vault XP
 C = Vault XP percentage of total XP
 D = Non-vault monster count
 E = Vault monster count
 F = Vault count percentage of total count
                 A         B        C        D         E       F
            +---------+---------+-------+---------+---------+-------
      Total |   35731 |   10790 |  23.2 |     389 |      60 |  13.4
            +---------+---------+-------+---------+---------+-------
        D:1 |      58 |       0 |   0.0 |      29 |       0 |   0.0
        D:2 |      73 |       0 |   0.0 |      26 |       0 |   0.0
        D:3 |     158 |      51 |  24.4 |      20 |       2 |   9.1
        D:4 |     210 |       0 |   0.0 |      10 |       0 |   0.0
        D:5 |     748 |       0 |   0.0 |      25 |       0 |   0.0
        D:6 |    1507 |       0 |   0.0 |      18 |       0 |   0.0
        D:7 |     688 |     939 |  57.7 |      18 |       5 |  21.7
        D:8 |    1373 |       0 |   0.0 |      33 |       0 |   0.0
        D:9 |    1713 |    2693 |  61.1 |      32 |      35 |  52.2
       D:10 |    2355 |     485 |  17.1 |      29 |       1 |   3.3
       D:11 |    3956 |       0 |   0.0 |      29 |       0 |   0.0
       D:12 |    5637 |     980 |  14.8 |      43 |       1 |   2.3
       D:13 |    5913 |     558 |   8.6 |      28 |       5 |  15.2
       D:14 |    5366 |    1627 |  23.3 |      17 |       2 |  10.5
       D:15 |    3131 |       0 |   0.0 |       7 |       0 |   0.0
      Orc:1 |    1253 |    3457 |  73.4 |      17 |       9 |  34.6
      Orc:2 |    1592 |       0 |   0.0 |       8 |       0 |   0.0
            +---------+---------+-------+---------+---------+-------
